 Dungeon Crawl Stone Soup version 0.23.2-40-g277498a001 (webtiles) character file.

Game seed: 18274945382905469092

53459 BreadTh the Eclecticist (level 14, -3/68 HPs)
             Began as a Spriggan Wizard on Sept 5, 2019.
             Was a High Priest of Vehumet.
             Slain by a catoblepas (9 damage)
             ... while petrified by you
             ... on level 5 of the Lair of Beasts on Sept 6, 2019.
             The game lasted 02:25:37 (28980 turns).

BreadTh the Eclecticist (Spriggan Wizard)          Turns: 28980, Time: 02:25:38

Health: -3/68      AC:  5    Str:  3    XL:     14   Next: 30%
Magic:  26/71      EV:  4    Int: 25    God:    Vehumet [*****.]
Gold:   1204       SH:  0    Dex: 14    Spells: 4/51 levels left

rFire    + . .     SeeInvis +   V - staff of power
rCold    . . .     Gourm    .   (shield currently unavailable)
rNeg     + + +     Faith    .   R - +2 robe {rF+}
rPois    ∞         Spirit   .   G - +2 hat
rElec    .         Reflect  .   E - scarf {repulsion}
rCorr    .         Harm     .   (gloves unavailable)
MR       ++...                  (boots unavailable)
Stlth    +++++.....             (no amulet)
HPRegen  0.21/turn              m - ring of magical power
MPRegen  0.42/turn              P - ring of magical power

@: petrified, repel missiles, very quick
A: very small, unfitting armour, see invisible, deformed body, herbivore, speed
3, slow metabolism 2
a: Renounce Religion


You were on level 5 of the Lair of Beasts.
You worshipped Vehumet.
Vehumet was extremely pleased with you.
You were not hungry.

You visited 3 branches of the dungeon, and saw 20 of its levels.
You also visited: Gauntlet.

You collected 1337 gold pieces.
You spent 133 gold pieces at shops.

Inventory:

Hand Weapons
 b - the +6 flail of Caop {speed, MR+}
   (You found it on level 8 of the Dungeon)

   Attacks with this weapon are significantly faster.
   It affects your resistance to hostile enchantments.
 x - a +0 trident of electrocution
 B - the +9 lajatang of Fee Simple {freeze, rN+}
   (You took it off a minotaur in a Gauntlet)

   It has been specially enchanted to freeze those struck by it, causing extra
   injury to most foes and up to half again as much damage against particularly
   susceptible opponents.
   It can also slow down cold-blooded creatures.
   It protects you from negative energy.
Armour
 E - a scarf of repulsion (worn)
 G - a +2 hat (worn)
 R - a +2 robe of fire resistance (worn)
Magical Staves
 c - an uncursed staff of air
 q - an uncursed staff of wizardry
 V - an uncursed staff of power (weapon)
Jewellery
 g - an uncursed ring of protection from fire
 m - a ring of magical power (left hand)
 F - the ring "Eczesh" {+Fly rElec rPois Stlth+}
   (You acquired it on level 14 of the Dungeon)

   [ring of flight]

   It insulates you from electricity.
   It protects you from poison.
   It lets you fly.
   It makes you more stealthy.
 O - a +5 ring of intelligence
 P - a ring of magical power (right hand)
 U - an uncursed ring of fire
 Z - the ring of the Saviour {+Blink rPois rC+ rN+}
   (You found it on level 15 of the Dungeon)

   [ring of poison resistance]

   It protects you from cold.
   It protects you from poison.
   It protects you from negative energy.
   It lets you blink.
Wands
 i - a wand of flame (25)
 v - a wand of paralysis (14)
 y - a wand of scattershot (11)
 A - a wand of polymorph (11)
 I - a wand of random effects (22)
 K - a wand of iceblast (22)
 L - a wand of digging (4)
 M - a wand of disintegration (12)
 N - a wand of acid (23)
 W - a wand of enslavement (10)
Scrolls
 f - 4 scrolls of magic mapping
 h - a scroll of holy word
 j - 4 scrolls of identify
 k - 12 scrolls of remove curse
 l - a scroll of summoning
 n - 7 scrolls of teleportation
 s - 5 scrolls of immolation
 u - a scroll of amnesia
 w - a scroll of blinking
 C - a scroll of silence
 Q - a scroll of enchant armour
 T - 2 scrolls of fog
 X - a scroll of fear
Potions
 a - a potion of haste
 e - 3 potions of magic
 o - a potion of cancellation
 p - 7 potions of curing
 r - a potion of heal wounds
 t - 3 potions of brilliance
 z - 4 potions of flight
 H - a potion of might
 J - a potion of resistance
Miscellaneous
 S - a phantom mirror
Comestibles
 d - 16 rations


   Skills:
 - Level 5.0 Fighting
 + Level 14.3 Dodging
 + Level 12.5 Stealth
   Level 2.1 Shields
 * Level 19.0 Spellcasting
 + Level 8.4 Conjurations
   Level 0.7 Summonings
 + Level 7.5 Translocations


You had 4 spell levels left.
You knew the following spells:

 Your Spells              Type           Power        Failure   Level  Hunger
a - Magic Dart            Conj           ####         1%          1    None
b - Blink                 Tloc           N/A          1%          2    None
c - Mephitic Cloud        Conj/Pois/Air  #####...     1%          3    None
d - Conjure Flame         Conj/Fire      #####...     1%          3    None
e - Shock                 Conj/Air       ####         1%          1    None
f - Freezing Cloud        Conj/Ice/Air   #####.....   24%         6    ###....
g - Searing Ray           Conj           ######       1%          2    None
h - Iskenderun's Mystic   Conj           ######..     1%          4    None
i - Dazzling Spray        Conj/Hex       #####.       1%          3    None
j - Throw Icicle          Conj/Ice       #####...     1%          4    None
k - Controlled Blink      Tloc           N/A          99%         8    ######.
l - Confuse               Hex            ###.....     6%          3    None
m - Ring of Flames        Chrm/Fire      ###.......   100%        7    #####..

Your spell library contained the following spells:

 Spells                   Type           Power        Failure   Level  Hunger
 Force Lance              Conj/Tloc      ######..     1%          4    None
 Corona                   Hex            ###....      1%          1    None
 Summon Small Mammal      Summ           ####         1%          1    None
 Shroud of Golubria       Chrm/Tloc      #####.....   1%          2    None
 Recall                   Summ/Tloc      N/A          1%          3    None
 Passage of Golubria      Tloc           N/A          1%          4    None
 Call Imp                 Summ           ####....     2%          2    None
 Ensorcelled Hibernation  Hex/Ice        ###...       3%          2    None
 Passwall                 Tmut/Erth      ###.....     3%          2    None
 Poisonous Vapours        Pois/Air       ###...       3%          2    None
 Slow                     Hex            ###.....     3%          2    None
 Swiftness                Chrm/Air       ###.....     3%          2    None
 Call Canine Familiar     Summ           ####....     4%          3    None
 Summon Guardian Golem    Hex/Summ       ####....     4%          3    None
 Tukima's Dance           Hex            ###.....     6%          3    None
 Summon Ice Beast         Ice/Summ       ####....     17%         4    None
 Summon Lightning Spire   Summ/Air       ####....     17%         4    None
 Lee's Rapid Deconstruct  Erth           ###.......   14%         5    None
 Darkness                 Hex            ###.......   96%         6    ###....
 Invisibility             Hex            ###.....     96%         6    ###....


Dungeon Overview and Level Annotations

Branches:
Dungeon (15/15)            Temple (1/1) D:7            Lair (5/6) D:11
  Swamp (0/4) Lair:4       Spider (0/4) Lair:2          Orc (0/2) D:11
 Vaults (0/5) D:14         Depths (0/5) D:15
  Slime: Lair:5-6

Altars:
Cheibriados
Dithmenos
Elyvilon
Fedhas
Gozag
Hepliaklqana
Kikubaaqudgha
Makhleb
Nemelex Xobeh
Okawaru
Qazlal
Ru
Sif Muna
Trog
Uskayaw
Vehumet
Wu Jian
Xom
Yredelemnul
Zin
The Shining One

Shops:
D:8 *   D:9 %

Annotations:
D:3 dig -> scrolls
D:13 1 runed translucent door, Folks's ghost, adept HuIE


Innate Abilities, Weirdness & Mutations

You are very small and have problems with some larger weapons.
You are too small for most types of armour.
You have supernaturally acute eyesight. (SInv)
You are a herbivore.
You cover ground extremely quickly.
You need to consume almost no food.
Armour fits poorly on your strangely shaped body.


Message History

The orb of energy hits the catoblepas!
The catoblepas is almost dead.
You are engulfed in calcifying dust.
Your limbs have turned to stone.
The catoblepas misses you.
The catoblepas breathes a plume of calcifying dust at you.
The blast of calcifying dust hits you but does no damage.
You have turned to stone.
You are engulfed in calcifying dust.
A porcupine comes into view.
The catoblepas gores you!!
You are engulfed in calcifying dust.
The catoblepas gores you!! The catoblepas gores you.
* * * LOW HITPOINT WARNING * * *
The catoblepas gores you!
* * * LOW HITPOINT WARNING * * *
The catoblepas gores you!!
* * * LOW HITPOINT WARNING * * *
The catoblepas stomps with a crash on the ground.
The catoblepas gores you!!
You die...

##
#########...#.
#....<@Y..†...
###...Pr##...#
#........# #
#.#.#..#..# #
#####..## #.#
.. ..


You could see a catoblepas and a porcupine.

Vanquished Creatures
  A fire giant (D:15)
  A minotaur (Gauntlet)
  A death ooze (Gauntlet)
  A fire dragon (D:14)
  8 hydras
  4 vault guards (D:13)
  3 centaur warriors
  6 two-headed ogres
  A catoblepas (Lair:2)
  A death knight (D:8)
  A two-headed ogre (shapeshifter) (D:14)
  A tengu warrior (D:14)
  An ogre mage (D:15)
  6 ugly things
  2 oklob plants
  2 cyclopes
  A centaur zombie (D:14)
  A rust devil (Gauntlet)
  2 centaur skeletons
  5 komodo dragons
  A rime drake (Lair:4)
  4 spiny frogs
  2 efreet
  2 kobold demonologists
  Prince Ribbit (D:7)
  2 trolls
  2 hornets
  A bog body (Lair:4)
  A raiju (Gauntlet)
  5 dream sheep (Lair:4)
  7 hippogriffs
  8 blink frogs
  A meliai zombie (D:15)
  2 shadows
  A wraith (D:14)
  A ynoxinul (Gauntlet)
  A water elemental (D:14)
  Sigmund (D:3)
  22 yaks
  Eustachio (D:4)
  2 steam dragons (Gauntlet)
  2 chaos spawn (Gauntlet)
  2 wargs (D:11)
  8 vampire mosquitoes
  A neqoxec (Gauntlet)
  3 hungry ghosts
  A soldier ant (D:8)
  4 acid dragons
  4 water moccasins
  14 porcupines
  A hornet zombie (D:7)
  Duvessa (D:6)
  An ice beast (D:7)
  6 sky beasts
  An eye of draining (D:12)
  7 orc warriors
  8 ogres
  2 black bears
  15 wolves
  6 centaurs
  6 crocodiles
  17 bullfrogs
  3 big kobolds
  Dowan (D:6)
  3 scorpions
  A wyvern skeleton (D:14)
  23 killer bees
  5 electric eels
  5 wights
  3 howler monkeys
  8 crimson imps
  A quasit (D:8)
  2 bullfrog zombies
  5 hounds
  6 jellies
  2 bullfrog skeletons
  5 orc priests
  A gnoll shaman (D:4)
  3 iron imps (Gauntlet)
  Crazy Yiuf (D:6)
  6 iguanas
  12 orc wizards
  Natasha (thrice) (D:2)
  14 worker ants
  A hound zombie (D:6)
  A hound skeleton (D:11)
  3 worker ant zombies
  13 gnolls
  11 adders
  5 shadow imps
  3 oozes (D:1)
  An adder skeleton (D:7)
  3 worms
  2 dart slugs
  6 leopard geckos
  34 orcs
  2 ball pythons
  11 bats
  6 giant cockroaches
  8 goblins
  4 hobgoblins
  10 jackals
  6 quokkas
  A ball python zombie (D:6)
  6 frilled lizards
  16 kobolds
  A quokka zombie (D:5)
  3 rats
  A plant (D:11)
498 creatures vanquished.

Vanquished Creatures (others)
  4 plants
4 creatures vanquished.

Grand Total: 502 creatures vanquished

Notes
Turn   | Place    | Note
-------+----------+-------------------------------------------
     0 | D:1      | BreadTh the Spriggan Wizard began the quest for the Orb.
     0 | D:1      | Reached XP level 1. HP: 9/9 MP: 6/6
   114 | D:1      | Reached skill level 1 in Conjurations
   197 | D:1      | Reached XP level 2. HP: 13/13 MP: 0/8
   786 | D:1      | Reached XP level 3. HP: 16/16 MP: 6/9
  1388 | D:1      | Learned a level 2 spell: Blink
  1392 | D:1      | Learned a level 3 spell: Conjure Flame
  1396 | D:1      | Learned a level 3 spell: Mephitic Cloud
  1632 | D:1      | Reached XP level 4. HP: 20/21 MP: 0/11
  2220 | D:2      | Found a white marble altar of Elyvilon.
  2525 | D:2      | Noticed Natasha
  2531 | D:2      | Killed Natasha
  2531 | D:2      | Reached XP level 5. HP: 24/24 MP: 5/12
  2947 | D:2      | Noticed Natasha
  2954 | D:2      | Killed Natasha
  3166 | D:2      | Noticed Natasha
  3170 | D:2      | Killed Natasha
  3386 | D:3      | Found a glowing silver altar of Zin.
  3464 | D:3      | Noticed Sigmund
  3473 | D:3      | Killed Sigmund
  3473 | D:3      | Reached skill level 5 in Conjurations
  3473 | D:3      | Reached XP level 6. HP: 28/28 MP: 13/13
  3724 | D:3      | Found a shadowy altar of Dithmenos.
  3944 | D:3      | Found a shimmering altar of Xom.
  4477 | D:4      | Reached XP level 7. HP: 32/32 MP: 7/14
  4990 | D:4      | Found a sacrificial altar of Ru.
  5017 | D:5      | Entered Level 5 of the Dungeon
  5130 | D:5      | Found a bloodstained altar of Trog.
  5196 | D:4      | HP: 1/32 [hound (6)]
  5520 | D:4      | Reached skill level 5 in Spellcasting
  5552 | D:5      | Noticed Eustachio
  5599 | D:4      | Killed Eustachio
  5599 | D:4      | Reached skill level 6 in Spellcasting
  5902 | D:5      | Reached skill level 7 in Spellcasting
  6100 | D:5      | Reached XP level 8. HP: 36/36 MP: 19/19
  6224 | D:5      | Found a basalt altar of Yredelemnul.
  6254 | D:5      | HP: 1/36 [cloud of noxious fumes (1)]
  6555 | D:5      | Found a basalt altar of Yredelemnul.
  6692 | D:6      | Reached skill level 8 in Spellcasting
  7138 | D:6      | Reached skill level 9 in Spellcasting
  7515 | D:6      | Noticed Dowan
  7517 | D:6      | Noticed Duvessa
  7589 | D:5      | Reached skill level 5 in Dodging
  7589 | D:5      | Reached skill level 10 in Spellcasting
  7887 | D:6      | Killed Duvessa
  7887 | D:6      | Reached XP level 9. HP: 39/39 MP: 19/24
  7891 | D:6      | Killed Dowan
  8395 | D:6      | Found a runed translucent door.
  8396 | D:6      | Noticed Crazy Yiuf
  8415 | D:6      | Killed Crazy Yiuf
  8572 | D:7      | Found an iron altar of Okawaru.
  9154 | D:7      | Noticed Prince Ribbit
  9193 | D:7      | Killed Prince Ribbit
  9193 | D:7      | Reached skill level 11 in Spellcasting
  9277 | D:7      | Reached skill level 10 in Dodging
  9408 | D:7      | Found a staircase to the Ecumenical Temple.
  9418 | Temple   | Entered the Ecumenical Temple
  9476 | Temple   | Became a worshipper of Vehumet
 10035 | D:8      | Reached skill level 12 in Spellcasting
 10104 | D:8      | Reached XP level 10. HP: 44/44 MP: 13/27
 10789 | D:8      | Found Dydiowetz's Assorted Antiques.
 10815 | D:8      | Bought a runed hat for 133 gold pieces
 11038 | D:8      | Reached skill level 13 in Spellcasting
 11151 | D:8      | Reached * piety under Vehumet
 11151 | D:8      | Offered knowledge of Shock by Vehumet.
 11162 | D:8      | Learned a level 1 spell: Shock
 11305 | D:8      | Got a transparent flail
 11306 | D:8      | Identified the +6 flail of Caop {speed, MR+} (You found it
                  | on level 8 of the Dungeon)
 12093 | D:8      | Identified the +6 broad axe of Wieclouthi {chop, SInv}
 12297 | D:8      | Noticed a death knight
 12297 | D:8      | Noticed a seven-headed hydra
 12298 | D:8      | Found the +7 Kryia's mail coat {PotionHeal*2 rC+}
 12369 | D:8      | Killed a seven-headed hydra
 12369 | D:8      | Reached skill level 14 in Spellcasting
 12637 | D:8      | Killed a death knight
 12637 | D:8      | Reached skill level 15 in Spellcasting
 13052 | D:9      | Found Fisid's Food Boutique.
 13338 | D:9      | You fall through a shaft for 2 floors!
 13339 | D:11     | Noticed an oklob plant
 13340 | D:11     | Found a staircase to the Lair.
 13437 | D:11     | Offered knowledge of Throw Frost by Vehumet.
 13441 | D:11     | Learned a level 2 spell: Throw Frost
 13444 | D:11     | Reached ** piety under Vehumet
 13894 | D:11     | Found a staircase to the Orcish Mines.
 13958 | D:11     | Reached skill level 1 in Fighting
 13958 | D:11     | Reached XP level 11. HP: 49/49 MP: 31/31
 14231 | D:11     | Noticed a green ugly thing
 14251 | D:11     | Killed a green ugly thing
 14675 | D:11     | Offered knowledge of Searing Ray by Vehumet.
 14704 | D:11     | Learned a level 2 spell: Searing Ray
 14837 | D:12     | Reached skill level 5 in Stealth
 14852 | D:12     | Noticed a five-headed hydra
 14905 | D:12     | Killed a five-headed hydra
 15101 | D:12     | Noticed a brown ugly thing
 15109 | D:12     | Reached *** piety under Vehumet
 15118 | D:12     | Killed a brown ugly thing
 15766 | D:12     | Noticed a two-headed ogre
 15792 | D:12     | Killed a two-headed ogre
 15792 | D:12     | Reached skill level 16 in Spellcasting
 16394 | D:13     | Noticed Folks's ghost (adept HuIE)
 16593 | D:13     | Found a runed translucent door.
 16620 | D:13     | Noticed a centaur warrior
 16636 | D:13     | Killed a centaur warrior
 16636 | D:13     | Reached skill level 1 in Shields
 16912 | D:13     | Offered knowledge of Iskenderun's Mystic Blast by Vehumet.
 16918 | D:13     | Learned a level 4 spell: Iskenderun's Mystic Blast
 17111 | D:13     | Noticed a cyan ugly thing
 17123 | D:13     | Killed a cyan ugly thing
 17214 | D:13     | Noticed a four-headed hydra
 17272 | D:13     | Killed a four-headed hydra
 17357 | D:13     | Reached XP level 12. HP: 56/56 MP: 33/33
 17624 | D:14     | Found a gate to the Vaults.
 17624 | D:14     | Noticed a two-headed ogre
 17624 | D:14     | Noticed a tengu warrior
 17624 | D:14     | Noticed a vault guard
 17624 | D:14     | Noticed a vault guard
 17624 | D:14     | Noticed a vault guard
 17624 | D:14     | Noticed a vault guard
 17624 | D:14     | Noticed a centaur warrior
 17689 | D:14     | Found a gate leading to a gauntlet.
 17701 | Gauntlet | Entered a Gauntlet
 17701 | Gauntlet | Found a transporter.
 17701 | Gauntlet | Found a transporter.
 17701 | Gauntlet | Found a transporter.
 17701 | Gauntlet | Noticed a death ooze
 17707 | Gauntlet | Noticed a blizzard demon
 17773 | Gauntlet | Found a transporter.
 17775 | Gauntlet | Found a transporter.
 17794 | Gauntlet | Found a transporter.
 17797 | Gauntlet | Found a transporter.
 17868 | Gauntlet | Found a transporter.
 17880 | Gauntlet | Found a transporter.
 17893 | Gauntlet | Found a transporter.
 17903 | Gauntlet | Found a transporter.
 17918 | Gauntlet | Found a transporter.
 18049 | Gauntlet | Killed a death ooze
 18485 | Gauntlet | Gained mutation: Armour fits poorly on your strangely
                  | shaped body. [a neqoxec]
 18614 | Gauntlet | Identified the +9 lajatang of Fee Simple {freeze, rN+}
 18614 | Gauntlet | Noticed a minotaur
 18631 | Gauntlet | Killed a minotaur
 18647 | Gauntlet | Identified Sif Muna's Guide on the Escort and Orientation
 18649 | Gauntlet | Got an iridescent flail
 18651 | Gauntlet | Identified the +8 flail of Tifesag {crush, rElec Dex+3}
                  | (You found it in a Gauntlet)
 18842 | D:14     | Reached **** piety under Vehumet
 18844 | D:14     | Killed a centaur warrior
 19193 | D:13     | Killed a vault guard
 19348 | D:13     | Learned a level 3 spell: Dazzling Spray
 19463 | D:13     | Killed a vault guard
 19593 | D:14     | Killed a tengu warrior
 19593 | D:14     | Reached skill level 17 in Spellcasting
 19653 | D:13     | Killed a vault guard
 19819 | D:14     | Offered knowledge of Throw Icicle by Vehumet.
 19834 | D:13     | Learned a level 4 spell: Throw Icicle
 20153 | D:14     | Noticed an eight-headed hydra
 20160 | D:14     | Killed an eight-headed hydra
 20232 | D:13     | Killed a vault guard
 20379 | D:14     | Killed a two-headed ogre
 20710 | D:14     | Noticed a two-headed ogre
 20721 | D:14     | Killed a two-headed ogre
 20740 | D:14     | Reached XP level 13. HP: 38/63 MP: 35/35
 20800 | D:14     | Learned a level 8 spell: Controlled Blink
 21028 | D:14     | Noticed a fire dragon
 21059 | D:14     | Killed a fire dragon
 21059 | D:14     | Reached skill level 5 in Fighting
 21059 | D:14     | Reached skill level 10 in Stealth
 21451 | D:14     | Identified a scroll of acquirement
 21452 | D:14     | Got a pitted gossamer ring
 21454 | D:14     | Identified the ring "Eczesh" {+Fly rElec rPois Stlth+} (You
                  | acquired it on level 14 of the Dungeon)
 21502 | D:14     | Learned a level 3 spell: Confuse
 22140 | D:15     | Entered Level 15 of the Dungeon
 22242 | D:15     | Noticed a fire giant
 22242 | D:15     | Found a staircase to the Depths.
 22280 | D:15     | Killed a fire giant
 22713 | D:15     | Reached skill level 18 in Spellcasting
 23158 | D:15     | Got a slimy granite ring
 23195 | D:15     | Reached ***** piety under Vehumet
 23206 | D:15     | Offered knowledge of Fulminant Prism by Vehumet.
 23231 | D:15     | Reached skill level 5 in Translocations
 24022 | D:11     | Identified the ring of the Saviour {+Blink rPois rC+ rN+}
                  | (You found it on level 15 of the Dungeon)
 24067 | Lair:1   | Entered Level 1 of the Lair of Beasts
 25406 | Lair:2   | Found a hole to the Spider Nest.
 25518 | Lair:2   | Learned a level 6 spell: Freezing Cloud
 25526 | Lair:2   | Learned a level 7 spell: Ring of Flames
 25730 | Lair:2   | Reached XP level 14. HP: 61/68 MP: 34/37
 26426 | Lair:3   | Offered knowledge of Force Lance by Vehumet.
 28409 | Lair:4   | Found a staircase to the Swamp.
 28665 | Lair:4   | Reached skill level 19 in Spellcasting
 28980 | Lair:5   | Slain by a catoblepas

Skill      XL: |  1  2  3  4  5  6  7  8  9 10 11 12 13 14 |
---------------+-------------------------------------------+-----
Conjurations   | 1 2 3 5 6 7 8 |  8.4
Spellcasting   | 7 10 12 15 16 17 18 19 | 19.0
Dodging        | 6 10 11 12 14 | 14.3
Fighting       | 1 3 4 5 |  5.0
Stealth        | 7 9 11 12 | 12.5
Shields        | 1 2 |  2.1
Translocations | 6 7 |  7.5
Summonings     | |  0.7

Action                   |  1- 3 |  4- 6 |  7- 9 | 10-12 | 13-15 || total
-------------------------+-------+-------+-------+-------+-------++-------
Melee: Unarmed           |     1 |       |       |       |       ||     1
       Dagger            |       |       |    26 |       |       ||    26
       Trident           |       |       |    10 |       |     9 ||    19
       Rapier            |       |       |    18 |     1 |       ||    19
       Flail             |       |       |       |    22 |       ||    22
       Staff             |       |       |       |     3 |       ||     3
Throw: Stone             |       |       |       |     1 |       ||     1
 Cast: Magic Dart        |    92 |   163 |   452 |   385 |     7 ||  1099
       Conjure Flame     |       |       |    24 |    65 |    10 ||    99
       Mephitic Cloud    |       |       |     8 |     7 |       ||    15
       Shock             |       |       |       |   374 |    19 ||   393
       Throw Frost       |       |       |       |    77 |     3 ||    80
       Searing Ray       |       |       |       |    15 |     7 ||    22
       Iskenderun's Myst |       |       |       |   159 |   355 ||   514
       Dazzling Spray    |       |       |       |     9 |    14 ||    23
       Throw Icicle      |       |       |       |       |     4 ||     4
  Use: Scroll            |     2 |     1 |       |    16 |    18 ||    37
       Potion            |       |       |       |     2 |       ||     2
 Stab: Confused          |       |       |     5 |     1 |       ||     6
  Eat: Ration            |       |     1 |     2 |     5 |     3 ||    11
Armor: Robe              |     1 |     3 |     4 |    17 |     2 ||    27
Dodge: Dodged            |    10 |    20 |   114 |   275 |   104 ||   523
       Deflected         |       |       |       |    12 |     6 ||    18
Block: Buckler           |       |       |       |    20 |       ||    20
